 Dungeon Crawl Stone Soup version 0.29.1-1-gd02db6906a (webtiles) character file.

Game seed: 17579237444981555187

223 GigaChad the Trooper (level 5, 0/52 HPs)
             Began as a Minotaur Fighter on Sept 30, 2022.
             Was a Believer of the Shining One.
             Slain by an iguana (11 damage)
             ... on level 4 of the Dungeon.
             The game lasted 00:07:30 (2317 turns).

GigaChad the Trooper (Minotaur Fighter)             Turns: 2317, Time: 00:07:31

Health: 0/52       AC:  7    Str: 23    XL:     5   Next: 66%
Magic:  4/4        EV:  9    Int:  5    God:    the Shining One [**....]
Gold:   180        SH:  5    Dex: 15    Spells: 4/4 levels left

rFire   . . .      SeeInvis .   m - +1 rapier (flame)
rCold   . . .      Faith    .   c - +0 buckler
rNeg    + . .      Spirit   .   b - +0 scale mail
rPois   .          Reflect  .   (helmet restricted)
rElec   .          Harm     .   (no cloak)
rCorr   .          Rampage  .   (no gloves)
Will    .....                   (no boots)
Stlth   ..........              (no amulet)
HPRegen 0.17/turn               j - +6 ring of dexterity
MPRegen 0.09/turn               (no ring)

@: glowing
A: horns 2, retaliatory headbutt
a: Renounce Religion, Divine Shield


You were on level 4 of the Dungeon.
You worshipped the Shining One.
The Shining One was pleased with you.
You visited 1 branch of the dungeon, and saw 4 of its levels.

You collected 180 gold pieces.

Inventory:

Hand Weapons
 a - a +0 long sword
 m - a +1 rapier of flaming (weapon)
Missiles
 h - 2 throwing nets (quivered)
Armour
 b - a +0 scale mail (worn)
 c - a +0 buckler (worn)
Jewellery
 j - a +6 ring of dexterity (left hand)
Scrolls
 e - 3 scrolls of immolation {unknown}
 f - 2 scrolls of amnesia {unknown}
 g - a scroll of enchant weapon {unknown}
 k - 2 scrolls of vulnerability {unknown}
 l - 2 scrolls of poison {unknown}
 o - 2 scrolls of identify {unknown}
 p - a scroll of butterflies {unknown}
Potions
 d - a potion of might
 i - 2 potions of curing {unknown}
 n - a potion of brilliance {unknown}


   Skills:
 + Level 7.2 Fighting
 - Level 2.7 Long Blades
 - Level 3.9 Armour
 - Level 0.4 Dodging
 - Level 4.0 Shields


You had 4 spell levels left.
You didn't know any spells.
Your spell library contained the following spells:

 Spells                   Type           Power      Damage    Failure   Level
 Ensorcelled Hibernation  Hex/Ice        0%         N/A       95%         2
 Passwall                 Tmut/Erth      0%         N/A       95%         2
 Spider Form              Tmut/Pois      0%         N/A       99%         3
 Swiftness                Air            0%         N/A       99%         3
 Anguish                  Hex/Necr       0%         N/A       100%        4
 Summon Forest            Summ/Tloc      0%         N/A       100%        5
 Eringya's Noxious Bog    Tmut/Pois      0%         N/A       100%        6
 Summon Hydra             Summ           0%         N/A       100%        7


Dungeon Overview and Level Annotations

Branches:
Dungeon (4/15)
 Temple: D:4-7

Altars:
Sif Muna
Uskayaw
Vehumet
The Shining One

Annotations:
D:4 1 runed translucent door, melkoren's ghost, amateur DrBe


Innate Abilities, Weirdness & Mutations

You have a pair of horns on your head.
You reflexively headbutt those who attack you in melee.


Message History

The goblin shouts!
The goblin throws a stone.
The stone hits you but does no damage.
An iguana comes into view.
The iguana hisses angrily.
A giant cockroach comes into view.
Found a stone staircase leading down.
The goblin throws a stone.
The stone hits you but does no damage.
The giant cockroach moves out of view.
You hit the goblin. You burn the goblin.
The goblin is heavily wounded.
The goblin hits you but does no damage. You block the iguana's attack.
You puncture the goblin! You burn the goblin.
You kill the goblin!
The iguana bites you. The iguana barely misses you.
You block the giant cockroach's attack.
Things that are here:
a +0 short sword; 7 stones; 11 gold pieces You hit the giant cockroach but do no damage.
Your headbutt misses the giant cockroach.
The iguana barely misses you.
The giant cockroach completely misses you.
You hit the giant cockroach. You burn the giant cockroach.
You kill the giant cockroach!
The iguana bites you. The iguana closely misses you.
You see here a giant cockroach corpse.
You hit the iguana but do no damage. The iguana bites you!
You hit the iguana but do no damage. You headbutt the iguana.
The iguana is lightly wounded.
The iguana bites you.
* * * LOW HITPOINT WARNING * * *
You hit the iguana. You burn the iguana.
The iguana is moderately wounded.
You block the iguana's attack.
You hit the iguana. You burn the iguana.
The iguana is heavily wounded.
The iguana bites you.
* * * LOW HITPOINT WARNING * * *
You hit the iguana but do no damage. Your headbutt misses the iguana.
The iguana is heavily wounded.
The iguana bites you!
You die...

.......# #.# .8P#
......## #.#####W).###
...##.######.##..##+##.#
#.###........##......>..
#.# #######..##.^......#
#.# #............# #.#
#..........#.. #.#
#.....l....... #.#
#..##.@.#.#... ..#
#..##...# ### #..##.....
# #..##...#.##
.##########))##......###
#.)....††).).)...###..#.
##).............## #...
#.############### ##. .#


You could see an iguana and melkoren's ghost.

Vanquished Creatures
  Jessica (D:3)
  3 orc wizards
  3 adders
  2 adder skeletons (D:2)
  10 orcs
  6 bats
  A bat skeleton (D:2)
  4 endoplasms
  A giant cockroach (D:4)
  9 goblins
  5 hobgoblins
  3 jackals (D:4)
  4 quokkas
  8 ball pythons
  2 frilled lizards
  10 kobolds
  3 rats
75 creatures vanquished.

Vanquished Creatures (others)
  A demonic plant (D:2)
  A withered plant (D:4)
2 creatures vanquished.

Grand Total: 77 creatures vanquished

Notes
Turn   | Place    | Note
-------+----------+-------------------------------------------
     0 | D:1      | GigaChad the Minotaur Fighter began the quest for the Orb.
     0 | D:1      | Reached XP level 1. HP: 19/19 MP: 0/0
   121 | D:1      | Reached XP level 2. HP: 27/27 MP: 1/1
   303 | D:1      | Noticed a golden eye
   306 | D:1      | Found a faded altar of an unknown god.
   314 | D:1      | Noticed an eye of devastation
   316 | D:1      | Noticed a floating eye
   316 | D:1      | Noticed a shining eye
   336 | D:1      | Prayed at the altar of an unknown god.
   336 | D:1      | Became a worshipper of the Shining One
   336 | D:1      | Reached * piety under the Shining One
   523 | D:1      | Reached skill level 4 in Fighting
   767 | D:2      | Reached XP level 3. HP: 33/33 MP: 2/2
  1198 | D:3      | Reached skill level 5 in Fighting
  1263 | D:3      | Reached XP level 4. HP: 41/42 MP: 3/3
  1314 | D:3      | Found a hide-covered altar of Uskayaw.
  1316 | D:3      | Found a shimmering blue altar of Sif Muna.
  1361 | D:3      | Reached ** piety under the Shining One
  1415 | D:3      | Noticed Jessica
  1455 | D:3      | Killed Jessica
  1456 | D:3      | Reached skill level 6 in Fighting
  1732 | D:3      | Found a radiant altar of Vehumet.
  2039 | D:4      | Reached XP level 5. HP: 50/50 MP: 4/4
  2183 | D:4      | Found a runed translucent door.
  2184 | D:4      | Noticed melkoren's ghost (amateur DrBe)
  2294 | D:4      | Reached skill level 7 in Fighting
  2317 | D:4      | Slain by an iguana

Illustrated notes

Levels and vault maps discovered:
D:1:      spicycebolla_green_bress_n_ham_2, layout_basic,
          hellmonk_ecumenical_altar_watching_god, glass_columns_c
D:2:      layout_rooms, serial_undead, serial_undead_c, serial_undead_f,
          serial_undead_b, serial_undead_c, wad_floor_pattern_1,
          minmay_misc_feat_tower, dreamdust_princess_corridor
D:3:      layout_rooms, nicolae_overflow_crystal_walls,
          nicolae_overflow_hidden_temple, uniq_jessica
D:4:      layout_loops_ring, kennysheep_mini, gammafunk_ghost_grave,
          kennysheep_doodads, minmay_fractal_squares_gapless_5

Skill      XL: |  1  2  3  4  5 |
---------------+----------------+-----
Shields        | 4 |  4.0
Fighting       | 4 5 6 7 |  7.2
Long Blades    | |  2.7
Armour         | |  3.9
Dodging        | |  0.4

Action                   |  1- 3 |  4- 6 || total
-------------------------+-------+-------++-------
Melee: Long sword        |    69 |    12 ||    81
       Headbutt          |    11 |    10 ||    21
       Rapier            |       |    53 ||    53
Armor: Scale mail        |    52 |    36 ||    88
Dodge: Dodged            |    50 |    35 ||    85
Block: Buckler           |    24 |    23 ||    47
